 Dungeon Crawl Stone Soup version 0.16-a0-4112-g89a4107 (webtiles) character file.

87 dysrexia the Insei (level 4, 0/32 HPs)
             Began as a Merfolk Transmuter on Feb 27, 2015.
             Succumbed to an adder's poison
             ... on level 1 of the Dungeon.
             The game lasted 00:06:33 (1150 turns).

dysrexia the Insei (Merfolk Transmuter)             Turns: 1150, Time: 00:06:33

Health: 0/32       AC:  4    Str: 10    XL:     4   Next: 51%
Magic:  7/7        EV: 12    Int: 18    God:
Gold:   43         SH:  0    Dex: 14    Spells: 2 memorised, 4 levels left

rFire  . . .     SeeInvis .       - Unarmed
rCold  . . .     Clarity  .     i - +0 leather armour
rNeg   . . .     SustAb   .     (no shield)
rPois  .         Gourm    .     (no helmet)
rElec  .         Spirit   .     (no cloak)
rCorr  .         Warding  .     (no gloves)
rMut   .         Stasis   .     e - +0 pair of boots
MR     .....                    (no amulet)
Stlth  +.........               (no ring)
                                (no ring)

@: brilliant, lethally poisoned (0 -> -1), very slightly contaminated, hasted,
invisible, very quick, not resistant to hostile enchantments, very unstealthy
A: change form in water, swift swim
a: no special abilities


You were on level 1 of the Dungeon.
You were not hungry.

You visited 1 branch of the dungeon, and saw 2 of its levels.

You collected 43 gold pieces.

Inventory:

Missiles
 b - 10 arrows
Armour
 c - a +0 robe
 e - a +0 pair of boots (worn)
 i - a +0 leather armour (worn)
Scrolls
 h - a scroll of remove curse
Books
 d - a book of Changes

   Spells                             Type                      Level
   a - Beastly Appendage              Transmutation                1
   b - Sticks to Snakes               Transmutation                2
   c - Spider Form                    Transmutation/Poison         3
   d - Ice Form                       Ice/Transmutation            4
   e - Blade Hands                    Transmutation                5
Comestibles
 a - a bread ration
 f - a chunk of flesh
 j - a beef jerky
 m - a meat ration


   Skills:
 - Level 1.1 Fighting
 - Level 2.6 Dodging
 * Level 5.1 Unarmed Combat
 - Level 2.0 Spellcasting
 + Level 3.9 Transmutations


You had 4 spell levels left.
You knew the following spells:

 Your Spells              Type           Power        Failure   Level  Hunger
a - Beastly Appendage     Trmt           ####..       1%          1    #......
b - Sticks to Snakes      Trmt           ####......   1%          2    ###....


Dungeon Overview and Level Annotations

Branches:
Dungeon (2/15)

Altars:


Message History

You see here a giant newt corpse.
* * * LOW HITPOINT WARNING * * *
You feel sick.
You see here a club.
There is an open door here.
* * * LOW HITPOINT WARNING * * *
You feel sick.
You are feeling hungry.
Eat one of 2 chunks of flesh? (ye/n/q/i?) Eat which item? (? for menu, Esc to quit)
Okay, then.
Eat one of 2 chunks of flesh? (ye/n/q/i?) This raw flesh tastes terrible.
You continue eating. x2
* * * LOW HITPOINT WARNING * * *
You feel sick.
There is a stone staircase leading up here.
You climb upwards.
There is a stone staircase leading down here.
You die...

############...# #.........#
#..............###.........#
#.#####.####.....#.........#
#.#####..#####.#..####.##.##
#.#...#..#...####..# #.##.##
#.#...#..#...# ##.# #.##.##
#.#...'..'.>.# #.###.##.##
#.#...#..#...# #...#.##...
#.#...####.@.# ###.#.##...
#.#########'### #.#.##...
#....##..##...## #...##...
#..............# ###........
##...##..##....###..........
###'######'##.....###......
#...####...#....####......
#...#..#...#).........[...
#.<.#..'...#..............


There were no monsters in sight!

Vanquished Creatures
  A gnoll (D:1)
  3 adders (D:2)
  A worm (D:2)
  3 bats
  2 goblins (D:1)
  4 hobgoblins
  3 kobolds (D:1)
  2 ball pythons (D:2)
  4 giant newts
  3 jackals (D:1)
  A quokka (D:2)
  5 rats (D:1)
32 creatures vanquished.

Vanquished Creatures (collateral kills)
  2 adders (D:2)
  A giant cockroach (D:2)
  A hobgoblin (D:2)
  A giant newt (D:2)
5 creatures vanquished.

Grand Total: 37 creatures vanquished

Notes
Turn   | Place    | Note
--------------------------------------------------------------
     0 | D:1      | dysrexia, the Merfolk Transmuter, began the quest for the Orb.
     0 | D:1      | Reached XP level 1. HP: 15/15 MP: 3/3
    97 | D:1      | Reached XP level 2. HP: 16/21 MP: 2/4
   269 | D:1      | Reached skill level 4 in Unarmed Combat
   397 | D:1      | Reached XP level 3. HP: 16/26 MP: 3/6
   741 | D:2      | Reached XP level 4. HP: 23/32 MP: 5/7
  1060 | D:2      | Learned a level 2 spell: Sticks to Snakes
  1094 | D:2      | Reached skill level 5 in Unarmed Combat
  1138 | D:2      | HP: 1/32 [poisoned by an adder]
  1145 | D:2      | HP: 1/32 [poisoned by an adder]
  1150 | D:1      | Succumbed to an adder's poison

Action                   |  1- 3 |  4- 6 || total
-------------------------+-------+-------++-------
Melee: Unarmed           |    84 |    31 ||   115
 Cast: Beastly Appendage |    11 |     2 ||    13
       Sticks to Snakes  |       |     2 ||     2
  Use: Scroll            |     4 |     1 ||     5
       Potion            |     1 |     3 ||     4
  Eat: Chunk             |       |     2 ||     2
